[Event "Czech open A"]
[Site "?"]
[Date "2013.07.26"]
[Round "8.65"]
[White "Gergel, Vladimir"]
[Black "Seyb, Alexander"]
[Result "1-0"]
[ECO "B90"]
[WhiteElo "2229"]
[BlackElo "2380"]
[PlyCount "79"]
[EventDate "2013.??.??"]
[TimeControl "6000+1805"]
[WhiteClock "0:37:22"]
[BlackClock "0:13:56"]

1. e4 c5 2. Nf3 d6 3. d4 cxd4 4. Nxd4 Nf6 5. Nc3 a6 6. Be3 e5 7. Nb3 Be7 8. h3
Be6 9. f4 exf4 10. Bxf4 Nc6 11. Qe2 Ne5 12. O-O-O Qc7 13. Kb1 b5 14. g4 O-O 15.
g5 Nfd7 16. Nd5 Bxd5 17. exd5 Rfe8 18. Bc1 Bf8 19. h4 b4 20. h5 g6 21. hxg6
hxg6 22. Rd4 Bg7 23. Rxb4 a5 24. Rbh4 a4 25. Nd4 a3 26. b3 Nc5 27. Qh2 Kf8 28.
Bb5 Reb8 29. Bc6 Na4 30. Qd2 Nxc6 31. dxc6 Ra6 32. c4 Rxc6 33. Rh8+ Ke7 34.
Nxc6+ Qxc6 35. Re1+ Kd7 36. Rxb8 Nc3+ 37. Kc2 Qf3 38. Rbe8 Nxa2 39. R1e7+ Kc6
40. Qd5+ 1-0

[Event "Czech open A"]
[Site "?"]
[Date "2013.07.26"]
[Round "8.66"]
[White "Zatschek, Mark"]
[Black "Klenburg, Mikhail"]
[Result "0-1"]
[ECO "A46"]
[WhiteElo "2174"]
[BlackElo "2368"]
[PlyCount "124"]
[EventDate "2013.??.??"]
[TimeControl "6000+675"]
[WhiteClock "0:11:37"]
[BlackClock "1:00:54"]

1. d4 Nf6 2. Nf3 d6 3. e3 g6 4. Bd3 Bg7 5. Nbd2 O-O 6. O-O Nbd7 7. c3 b6 8. e4
e5 9. Re1 Bb7 10. d5 Nh5 11. Nb3 Bf6 12. Bh6 Ng7 13. Qd2 Be7 14. g4 Nf6 15. h3
Kh8 16. c4 Ng8 17. Kh2 Bc8 18. Rg1 Bd7 19. Rg3 Nxh6 20. Qxh6 f6 21. h4 Rf7 22.
Rag1 Qf8 23. Rh3 a6 24. Nbd2 c6 25. Rhg3 Qd8 26. R3g2 Qc7 27. Qe3 Rb8 28. b3 b5
29. Rb1 Bd8 30. Rgg1 Qc8 31. cxb5 cxb5 32. Rbc1 Qb7 33. b4 Bb6 34. Qe2 Qa7 35.
Rg2 Rff8 36. Nb1 Rbc8 37. Rf1 h6 38. Qd2 Kh7 39. Rfg1 Rc7 40. Kh1 Rfc8 41. Rh2
Be8 42. Rf1 Qa8 43. Ng1 Qa7 44. Ne2 Bd7 45. Rg2 h5 46. f3 Rh8 47. Qe1 Qa8 48.
Qg3 Qe8 49. Rh2 Kg8 50. Nd2 Kh7 51. Nb3 Qf7 52. Rg2 Rf8 53. Rc1 Rxc1+ 54. Nbxc1
a5 55. a3 axb4 56. axb4 Ra8 57. Qe1 Qe8 58. Qc3 Qd8 59. Ng3 hxg4 60. fxg4 Bxg4
61. Bxb5 Bd4 62. Qb3 Ra1 0-1

[Event "Czech open A"]
[Site "?"]
[Date "2013.07.26"]
[Round "8.67"]
[White "Sergeyev, Alexander"]
[Black "Dorst, Johannes"]
[Result "1-0"]
[ECO "A35"]
[WhiteElo "2368"]
[BlackElo "2236"]
[PlyCount "55"]
[EventDate "2013.??.??"]
[TimeControl "6000+855"]
[WhiteClock "0:36:08"]
[BlackClock "0:22:13"]

1. c4 c5 2. Nc3 Nc6 3. Nf3 g6 4. e3 Bg7 5. d4 b6 6. Be2 d6 7. O-O Nh6 8. d5 Na5
9. Bd2 O-O 10. Rc1 e5 11. dxe6 fxe6 12. Qc2 Bb7 13. Rcd1 Rxf3 14. gxf3 Nxc4 15.
Ne4 Ne5 16. f4 Qh4 17. f3 Nhg4 18. fxg4 Nxg4 19. Bxg4 Qxg4+ 20. Ng3 h5 21. Bc3
h4 22. Qe2 Qh3 23. Nh1 e5 24. Rxd6 exf4 25. Rxg6 f3 26. Rxg7+ Kf8 27. Rxb7 Qg4+
28. Ng3 1-0

[Event "Czech open A"]
[Site "?"]
[Date "2013.07.26"]
[Round "8.68"]
[White "Sanders, Isaac"]
[Black "Suran, Jan"]
[Result "1/2-1/2"]
[ECO "B06"]
[WhiteElo "2210"]
[BlackElo "2362"]
[PlyCount "108"]
[EventDate "2013.??.??"]
[TimeControl "6000+1470"]
[WhiteClock "0:13:37"]
[BlackClock "0:26:17"]

1. e4 g6 2. d4 Bg7 3. Nc3 d6 4. g3 Nf6 5. Bg2 O-O 6. Nge2 Na6 7. O-O c5 8. e5
dxe5 9. dxe5 Nd7 10. e6 fxe6 11. Nf4 Ne5 12. Qe2 Qe8 13. Ne4 Rb8 14. Ng5 Nc7
15. Bd2 b6 16. c4 Nc6 17. Nfxe6 Nxe6 18. Nxe6 Nd4 19. Nxd4 Bxd4 20. Rae1 e5 21.
Bc3 Bf5 22. Bd5+ Kg7 23. g4 Bxc3 24. bxc3 Bd7 25. h3 h5 26. Qxe5+ Qxe5 27. Rxe5
Rbe8 28. Rfe1 hxg4 29. hxg4 Rxe5 30. Rxe5 Kf6 31. Re4 Kg5 32. Re7 Bxg4 33. Rxa7
Kf4 34. a4 Bf3 35. Ra6 Rb8 36. a5 Bxd5 37. cxd5 bxa5 38. Rxa5 c4 39. Rc5 Ke5
40. Kg2 Rd8 41. Kg3 Rxd5 42. Rxd5+ Kxd5 43. Kf4 Ke6 44. Ke4 g5 45. Kd4 Kf5 46.
Kxc4 Ke4 47. Kb5 g4 48. c4 Kf3 49. c5 Kxf2 50. c6 g3 51. c7 g2 52. c8=Q g1=Q
53. Qc5+ Kg2 54. Qxg1+ Kxg1 1/2-1/2

[Event "Czech open A"]
[Site "?"]
[Date "2013.07.26"]
[Round "8.69"]
[White "Vastrukhin, Oleg"]
[Black "Barthel, Ansgar"]
[Result "1/2-1/2"]
[ECO "A08"]
[WhiteElo "2360"]
[BlackElo "2230"]
[PlyCount "69"]
[EventDate "2013.??.??"]
[TimeControl "6000+1905"]
[WhiteClock "0:16:28"]
[BlackClock "0:00:43"]

1. g3 d5 2. Nf3 c5 3. Bg2 Nc6 4. d4 e6 5. O-O Nf6 6. c4 Be7 7. cxd5 exd5 8.
dxc5 Bxc5 9. Nbd2 O-O 10. Nb3 Bb6 11. Nbd4 Nxd4 12. Nxd4 Bg4 13. h3 Bh5 14. g4
Bg6 15. Bg5 h6 16. Bh4 Qd6 17. Nb5 Qe5 18. Nc3 Rad8 19. Bxf6 gxf6 20. Nxd5 Qxb2
21. Qb3 Qxe2 22. Nxb6 axb6 23. Qxb6 Rd2 24. Qxf6 Rfd8 25. Bxb7 R8d6 26. Qf4 Qe7
27. Bg2 h5 28. Rfe1 Qh4 29. Re3 hxg4 30. hxg4 R2d4 31. Qg3 Qxg4 32. Qxg4 Rxg4
33. a4 Rdd4 34. a5 Ra4 35. Rea3 1/2-1/2

[Event "Czech open A"]
[Site "?"]
[Date "2013.07.26"]
[Round "8.70"]
[White "Cerveny, Martin"]
[Black "Bartos, Jan"]
[Result "0-1"]
[ECO "D45"]
[WhiteElo "2357"]
[BlackElo "2209"]
[PlyCount "84"]
[EventDate "2013.??.??"]
[TimeControl "6000+1465"]
[WhiteClock "0:54:28"]
[BlackClock "0:41:50"]

1. d4 d5 2. c4 c6 3. e3 Nf6 4. Nc3 e6 5. Nf3 a6 6. Qc2 c5 7. dxc5 Bxc5 8. a3
dxc4 9. Bxc4 O-O 10. b4 Be7 11. Bb2 b5 12. Bd3 Bb7 13. e4 h6 14. O-O Nbd7 15.
Rad1 Rc8 16. Qe2 Qc7 17. Rfe1 Rfd8 18. h3 Nb6 19. e5 Nfd5 20. Qe4 g6 21. Nxd5
Bxd5 22. Qf4 Bf8 23. Nh2 Qb7 24. Ng4 Bxg2 25. Nf6+ Kh8 26. Be4 Bxe4 27. Rxd8
Rxd8 28. Nxe4 Bg7 29. Nd6 Rxd6 30. exd6 Bxb2 31. Rxe6 Kg7 32. Re2 Bf6 33. h4 h5
34. f3 Qd7 35. Rd2 Nc4 36. Rd5 Nxa3 37. Qe3 Nc4 38. Qc5 Qh3 39. Rd3 Ne5 40. Re3
Nxf3+ 41. Kf2 Bxh4+ 42. Ke2 Qg2+ 0-1

[Event "Czech open A"]
[Site "?"]
[Date "2013.07.26"]
[Round "8.71"]
[White "Tennert, Simon"]
[Black "Migot, Tangi"]
[Result "0-1"]
[ECO "B28"]
[WhiteElo "2147"]
[BlackElo "2331"]
[PlyCount "98"]
[EventDate "2013.??.??"]
[TimeControl "6000+1170"]
[WhiteClock "0:15:02"]
[BlackClock "0:37:18"]

1. e4 c5 2. Nf3 a6 3. c3 e6 4. d4 d5 5. exd5 exd5 6. Be2 Nf6 7. O-O Nbd7 8. Re1
Be7 9. c4 O-O 10. Bf4 dxc4 11. Bxc4 b5 12. Bf1 Bb7 13. a4 b4 14. Nbd2 h6 15.
Nc4 Nd5 16. Bd6 Re8 17. Bxe7 Rxe7 18. Nd6 Bc6 19. Ne5 Nxe5 20. dxe5 Rxe5 21.
Rxe5 Qxd6 22. Re2 c4 23. Qd4 Rd8 24. Qxc4 Nf4 25. Re3 a5 26. b3 Qf6 27. Rc1 Bd5
28. Qc7 Qg5 29. Rg3 Qf6 30. Re1 Be6 31. Rf3 Nd5 32. Qxa5 Qg5 33. Rg3 Qf6 34.
Rf3 Qg5 35. Rg3 Qf6 36. Rd1 Kh7 37. h3 Rd7 38. Qa6 g6 39. Bc4 Nc7 40. Rxd7 Nxa6
41. Bxe6 Qxe6 42. Rb7 Nc5 43. Rb5 Nxb3 44. Kh2 Qd6 45. h4 Nd4 46. Rb7 Kg7 47.
Kh3 Ne2 48. Re3 Ng1+ 49. Kg4 h5+ 0-1

[Event "Czech open A"]
[Site "?"]
[Date "2013.07.26"]
[Round "8.72"]
[White "Grigorian, Spartak"]
[Black "Stromboli, Carlo"]
[Result "1-0"]
[ECO "A21"]
[WhiteElo "2131"]
[BlackElo "2326"]
[PlyCount "121"]
[EventDate "2013.??.??"]
[TimeControl "6000+1110"]
[WhiteClock "0:36:14"]
[BlackClock "0:45:57"]

1. d4 d5 2. c4 c6 3. Nc3 e5 4. dxe5 d4 5. Ne4 Qa5+ 6. Nd2 Qxe5 7. Ngf3 Qd6 8.
Qc2 c5 9. Ne4 Qg6 10. e3 Bf5 11. Nh4 Bxe4 12. Nxg6 Bxc2 13. Nxh8 g6 14. exd4
cxd4 15. Bf4 Bg7 16. Kd2 Bf5 17. Re1+ Be6 18. Nxg6 hxg6 19. Bd3 Ne7 20. h4 Nbc6
21. h5 gxh5 22. Rxh5 Nb4 23. Be4 O-O-O 24. Bxb7+ Kxb7 25. Rb5+ Ka8 26. Rxb4 Nc6
27. Rb5 Bxc4 28. Rc5 Bd5 29. Rec1 Kb7 30. Rb5+ Ka6 31. Rxd5 Rxd5 32. Rxc6+ Ka5
33. Rc7 Rf5 34. g3 Kb6 35. Rd7 a6 36. Kd3 Kc6 37. Rd6+ Kb5 38. b3 a5 39. a4+
Kb4 40. Rb6+ Ka3 41. Rb5 Rf6 42. Be5 Rxf2 43. Bxg7 Rf3+ 44. Kxd4 Rxg3 45. Bf8+
Ka2 46. b4 axb4 47. Rxb4 Rg8 48. Bc5 f5 49. Ke5 Ra8 50. Kd6 Ra5 51. Kc6 Ka3 52.
Rf4+ Kb3 53. Rf3+ Kc4 54. Rf4+ Kb3 55. Rb4+ Ka3 56. Rb5+ Kxa4 57. Rb1 Ra6+ 58.
Kd5 Rg6 59. Kc4 Rg4+ 60. Bd4 Rg3 61. Rb7 1-0

[Event "Czech open A"]
[Site "?"]
[Date "2013.07.26"]
[Round "8.73"]
[White "Nagarajan, Raghavi"]
[Black "Jorczik, Julian Marcel"]
[Result "0-1"]
[ECO "C00"]
[WhiteElo "2097"]
[BlackElo "2422"]
[PlyCount "64"]
[EventDate "2013.??.??"]
[TimeControl "6000+1600"]
[WhiteClock "0:01:41"]
[BlackClock "0:04:40"]

1. e4 e6 2. Qe2 c5 3. Nf3 Nc6 4. g3 Nge7 5. Bg2 d5 6. d3 g6 7. O-O Bg7 8. e5
Qc7 9. Re1 b5 10. c4 bxc4 11. dxc4 Ba6 12. Na3 Nf5 13. Qc2 Nb4 14. Qa4+ Qd7 15.
Qa5 Bxc4 16. Nxc4 dxc4 17. Bf4 O-O 18. Red1 Nd3 19. Ne1 Rab8 20. Nxd3 cxd3 21.
Qxc5 Rxb2 22. Qc3 Qd4 23. Qxd4 Nxd4 24. Rxd3 Ne2+ 25. Kf1 Nxf4 26. gxf4 Rc8 27.
Be4 Bh6 28. Rb3 Rd2 29. a3 Bxf4 30. h3 Bxe5 31. Re1 Bd4 32. Re2 Rc1+ 0-1

[Event "Czech open A"]
[Site "?"]
[Date "2013.07.26"]
[Round "8.74"]
[White "Grabinsky, Vladimir"]
[Black "Druska, Juraj"]
[Result "1-0"]
[ECO "A25"]
[WhiteElo "2258"]
[BlackElo "2385"]
[PlyCount "103"]
[EventDate "2013.??.??"]
[TimeControl "5400+985"]
[WhiteClock "0:12:44"]
[BlackClock "0:09:07"]

1. c4 e5 2. Nc3 Nc6 3. g3 Nf6 4. Bg2 Bc5 5. a3 a5 6. d3 O-O 7. Nf3 h6 8. O-O d6
9. Nd2 Bf5 10. Nde4 Nxe4 11. Nxe4 Ba7 12. Bd2 Qd7 13. b4 Bh3 14. b5 Ne7 15.
Bxh3 Qxh3 16. Be3 f5 17. Nc3 f4 18. Bxa7 Rf5 19. g4 Qxg4+ 20. Kh1 Qh3 21. Rg1
Rxa7 22. b6 cxb6 23. Nb5 Ra8 24. Nxd6 Rh5 25. Rg2 f3 26. exf3 Rf8 27. Rb1 Ng6
28. Qg1 Qxf3 29. Qd1 Qxd1+ 30. Rxd1 Nh4 31. Rg3 Rxf2 32. Rdg1 Ng6 33. h3 Kh8
34. R1g2 Rxg2 35. Kxg2 Nh4+ 36. Kh2 Kh7 37. Nxb7 Rf5 38. c5 bxc5 39. Nxa5 Rf2+
40. Kg1 Ra2 41. Nc4 g5 42. Re3 Kg6 43. Kf1 Kf6 44. Re2 Ra1+ 45. Re1 Ra2 46. Re2
Ra1+ 47. Re1 Rxe1+ 48. Kxe1 Ng2+ 49. Kd2 Nf4 50. a4 Nxh3 51. a5 Nf4 52. Ne3 1-0

[Event "Czech open A"]
[Site "?"]
[Date "2013.07.26"]
[Round "8.75"]
[White "Repkova, Eva"]
[Black "Havlikova, Kristyna"]
[Result "1/2-1/2"]
[ECO "B31"]
[WhiteElo "2374"]
[BlackElo "2241"]
[PlyCount "82"]
[EventDate "2013.??.??"]
[TimeControl "6000+625"]
[WhiteClock "1:06:07"]
[BlackClock "0:31:32"]

1. e4 c5 2. Nf3 Nc6 3. Bb5 g6 4. O-O Bg7 5. Re1 Nf6 6. c3 O-O 7. d4 cxd4 8.
cxd4 d5 9. e5 Ne4 10. Nc3 Nxc3 11. bxc3 Na5 12. h3 a6 13. Bd3 Bd7 14. Qe2 Rc8
15. Rb1 Rxc3 16. Bd2 Rxd3 17. Qxd3 Bf5 18. Qe2 Bxb1 19. Rxb1 b5 20. a4 Nc4 21.
axb5 axb5 22. Rxb5 Qd7 23. Rb3 Qa7 24. Bf4 Ra8 25. e6 f5 26. Rb5 Rd8 27. Rc5
Bxd4 28. Rc7 Qa1+ 29. Kh2 Bf6 30. Rd7 Qa8 31. g4 fxg4 32. hxg4 Rf8 33. g5 Bg7
34. Bc7 d4 35. Ne1 Qc6 36. Rxe7 Qc5 37. Rd7 Be5+ 38. Bxe5 Qxe5+ 39. Qxe5 Nxe5
40. Rxd4 Rxf2+ 41. Kg3 Rf8 1/2-1/2

[Event "Czech open A"]
[Site "?"]
[Date "2013.07.26"]
[Round "8.76"]
[White "Peterson, Eric"]
[Black "Farkas, Gabor"]
[Result "0-1"]
[ECO "C80"]
[WhiteElo "2239"]
[BlackElo "2359"]
[PlyCount "58"]
[EventDate "2013.??.??"]
[TimeControl "6000+765"]
[WhiteClock "0:22:40"]
[BlackClock "0:32:11"]

1. e4 e5 2. Nf3 Nc6 3. Bb5 a6 4. Ba4 Nf6 5. O-O Nxe4 6. Re1 Nc5 7. Nc3 Nxa4 8.
Nxe5 Be7 9. Nd5 Nc5 10. Nxc6 dxc6 11. Nxe7 Be6 12. Nf5 Qf6 13. Ng3 O-O-O 14. d3
h5 15. h3 Rd5 16. Rb1 h4 17. Ne4 Nxe4 18. Rxe4 Qg6 19. Qf3 Rf5 20. Rf4 Rhh5 21.
Rxf5 Rxf5 22. Qe2 b6 23. Be3 Rb5 24. a4 Bxh3 25. f4 Rh5 26. Kh2 Qg3+ 27. Kg1
Bxg2 28. Bf2 Qh3 29. Bxb6 Bf3 0-1

[Event "Czech open A"]
[Site "?"]
[Date "2013.07.26"]
[Round "8.77"]
[White "Frischmann, Rick"]
[Black "Tomazini, Zan"]
[Result "1/2-1/2"]
[ECO "B06"]
[WhiteElo "2234"]
[BlackElo "2344"]
[PlyCount "89"]
[EventDate "2013.??.??"]
[TimeControl "6000+1300"]
[WhiteClock "0:25:58"]
[BlackClock "0:25:26"]

1. e4 g6 2. d4 Bg7 3. h4 h5 4. Bc4 c5 5. Qf3 d5 6. Bxd5 e6 7. Bb3 cxd4 8. Bg5
Qc7 9. Na3 Nc6 10. Rd1 a6 11. Ne2 e5 12. Qg3 Qa5+ 13. c3 b5 14. O-O Nf6 15.
cxd4 Nd7 16. Nc2 Bb7 17. Be3 exd4 18. Ncxd4 Nce5 19. Nc3 Ng4 20. Ndxb5 axb5 21.
Bxf7+ Kxf7 22. Rxd7+ Kg8 23. Rxb7 b4 24. Rb5 Qd8 25. Rxb4 Be5 26. Bf4 Bxf4 27.
Qxf4 Qxh4 28. Rd1 Qe7 29. Nd5 Qg7 30. Rb8+ Kh7 31. Rxh8+ Kxh8 32. f3 Qa7+ 33.
Kh1 Nf2+ 34. Kh2 Nxd1 35. Nf6 Qg7 36. e5 Rf8 37. Qd2 g5 38. Qxd1 g4 39. Qe1 Qg5
40. Qe4 g3+ 41. Kh3 Rf7 42. Qa8+ Kg7 43. Qg8+ Kh6 44. Qxf7 Qh4+ 45. Kxh4
1/2-1/2

[Event "Czech open A"]
[Site "?"]
[Date "2013.07.26"]
[Round "8.78"]
[White "Gallien, Fabian"]
[Black "Stromboli, Ettore"]
[Result "1/2-1/2"]
[ECO "A40"]
[WhiteElo "2213"]
[BlackElo "2335"]
[PlyCount "98"]
[EventDate "2013.??.??"]
[TimeControl "6000+665"]
[WhiteClock "0:16:05"]
[BlackClock "0:17:21"]

1. d4 e6 2. Nf3 b6 3. e4 d5 4. Bd3 Nf6 5. Nbd2 dxe4 6. Nxe4 Be7 7. Qe2 Bb7 8.
O-O O-O 9. b3 Nxe4 10. Bxe4 Bxe4 11. Qxe4 Qd5 12. Qf4 Bd6 13. Qg4 h5 14. Qh4
Qf5 15. c4 Nd7 16. Re1 a5 17. Bd2 Rfe8 18. Qe4 Qxe4 19. Rxe4 a4 20. Ree1 c6 21.
Bc3 b5 22. Nd2 Red8 23. Rad1 Nf6 24. h3 Kf8 25. Kf1 Be7 26. Re3 Ra7 27. Nf3
bxc4 28. bxc4 c5 29. Red3 Ne4 30. Be1 Rad7 31. Ba5 Ra8 32. Bb6 Rb7 33. dxc5
Bxc5 34. Bxc5+ Nxc5 35. R3d2 Rc8 36. Ne5 Ke7 37. f3 Rbc7 38. Ke2 Rb7 39. Ke3
Kf6 40. Nd3 Rbc7 41. Rc1 Ke7 42. Rc3 Nd7 43. Rdc2 Nb6 44. Kd4 Rd8+ 45. Ke4 f5+
46. Ke3 Rdc8 47. Kd4 Rd8+ 48. Ke3 Rdc8 49. Kd4 Rd8+ 1/2-1/2

[Event "Czech open A"]
[Site "?"]
[Date "2013.07.26"]
[Round "8.79"]
[White "Krensing, Jan"]
[Black "Kratochvil, Josef"]
[Result "1-0"]
[ECO "A65"]
[WhiteElo "2325"]
[BlackElo "2238"]
[PlyCount "35"]
[EventDate "2013.??.??"]
[TimeControl "6000+1060"]
[WhiteClock "0:53:04"]
[BlackClock "0:58:10"]

1. d4 Nf6 2. c4 c5 3. d5 e6 4. Nc3 exd5 5. cxd5 d6 6. e4 g6 7. h3 Bg7 8. Nf3
O-O 9. Bd3 b5 10. Nxb5 Re8 11. O-O Nxe4 12. Qa4 Nf6 13. Bg5 Bd7 14. Qf4 Qb6 15.
Nxd6 Qxb2 16. Nxe8 Nxe8 17. Rab1 Qc3 18. Rb3 1-0

[Event "Czech open A"]
[Site "?"]
[Date "2013.07.26"]
[Round "8.80"]
[White "Spalir, Jernej"]
[Black "Wenninger, Philipp"]
[Result "1-0"]
[ECO "D15"]
[WhiteElo "2312"]
[BlackElo "2229"]
[PlyCount "77"]
[EventDate "2013.??.??"]
[TimeControl "6000+1480"]
[WhiteClock "0:17:41"]
[BlackClock "0:00:38"]

1. d4 d5 2. c4 c6 3. Nc3 Nf6 4. Nf3 a6 5. c5 Bg4 6. Ne5 Bf5 7. Bf4 Nbd7 8. e3
Nxe5 9. Bxe5 Nd7 10. Bg3 g6 11. Be2 Bg7 12. O-O O-O 13. b4 e5 14. dxe5 Nxe5 15.
Rc1 h5 16. h3 Re8 17. a4 Qf6 18. Qd2 Rad8 19. Rfd1 Rd7 20. b5 axb5 21. axb5
Red8 22. Na4 d4 23. Nb6 dxe3 24. Qxe3 Rxd1+ 25. Rxd1 Rxd1+ 26. Bxd1 cxb5 27.
Be2 Nc6 28. Qe8+ Kh7 29. Bxb5 h4 30. Bd6 Qa1+ 31. Kh2 Be6 32. Nd7 Bxd7 33. Qxd7
Ne5 34. Qxb7 Qd4 35. Kg1 Qd1+ 36. Bf1 Nc4 37. Bf4 Nd2 38. Qb5 Bd4 39. Qd3 1-0

[Event "Czech open A"]
[Site "?"]
[Date "2013.07.26"]
[Round "8.81"]
[White "Tomazini, Aljosa"]
[Black "Travkina, Anastasia"]
[Result "1/2-1/2"]
[ECO "D41"]
[WhiteElo "2306"]
[BlackElo "2216"]
[PlyCount "97"]
[EventDate "2013.??.??"]
[TimeControl "6000+855"]
[WhiteClock "0:34:25"]
[BlackClock "0:19:38"]

1. d4 Nf6 2. Nf3 d5 3. c4 e6 4. Nc3 c5 5. cxd5 Nxd5 6. e4 Nxc3 7. bxc3 cxd4 8.
cxd4 Bb4+ 9. Bd2 Bxd2+ 10. Qxd2 O-O 11. Bc4 Nd7 12. O-O b6 13. d5 Nc5 14. Rfe1
Bb7 15. dxe6 Nxe6 16. Bxe6 fxe6 17. Qe3 Qf6 18. Nd4 Rac8 19. f3 Qe5 20. Red1
Rfd8 21. Rd2 Rc4 22. Nb3 Rdc8 23. Rad1 h6 24. Rd8+ Rxd8 25. Rxd8+ Kh7 26. Rd7
Qb2 27. Rd2 Rc2 28. Rxc2 Qxc2 29. Qd2 Qxd2 30. Nxd2 Kg6 31. Kf2 Kf6 32. Ke3 e5
33. f4 exf4+ 34. Kxf4 Ba6 35. g3 Bc8 36. e5+ Kg6 37. a3 Kf7 38. Ke4 Ke6 39. Kd4
Bb7 40. Nc4 Bc6 41. Ne3 Bf3 42. Nc2 a5 43. Ne1 Be2 44. Ng2 g5 45. Ne3 b5 46.
Nd5 Bf1 47. Nc7+ Kd7 48. Nd5 Ke6 49. Nc7+ 1/2-1/2

[Event "Czech open A"]
[Site "?"]
[Date "2013.07.26"]
[Round "8.82"]
[White "Ageichenko, Gennady"]
[Black "Bivol, Alina"]
[Result "1/2-1/2"]
[ECO "D30"]
[WhiteElo "2298"]
[BlackElo "2207"]
[PlyCount "79"]
[EventDate "2013.??.??"]
[TimeControl "6000+970"]
[WhiteClock "0:36:19"]
[BlackClock "0:53:47"]

1. Nf3 d5 2. d4 Nf6 3. c4 e6 4. Bg5 Nbd7 5. e3 Bb4+ 6. Nc3 c5 7. cxd5 exd5 8.
Bd3 c4 9. Bf5 Nb6 10. Bxc8 Rxc8 11. O-O h6 12. Bh4 O-O 13. Ne5 Bxc3 14. bxc3
Qd6 15. Bxf6 Qxf6 16. Rb1 Rc7 17. Rb5 Qd6 18. a4 Qa3 19. Qa1 Qd6 20. Rfb1 Nd7
21. Nf3 b6 22. a5 Rb7 23. axb6 axb6 24. g3 Rbb8 25. R1b2 Ra8 26. Ra2 Qc6 27.
Rbb2 b5 28. Ra5 Rxa5 29. Qxa5 Rb8 30. Kg2 Qb7 31. Nd2 Nf6 32. Kg1 Kh7 33. Qa1
Qd7 34. Qb1+ g6 35. f3 Kg7 36. Kg2 Re8 37. Nf1 Rb8 38. Rb4 h5 39. h4 Qe8 40.
Rb2 1/2-1/2

[Event "Czech open A"]
[Site "?"]
[Date "2013.07.26"]
[Round "8.83"]
[White "Nguyen, Thai Dai Van"]
[Black "Adamek, Jiri"]
[Result "1/2-1/2"]
[ECO "C10"]
[WhiteElo "2176"]
[BlackElo "2290"]
[PlyCount "33"]
[EventDate "2013.??.??"]
[TimeControl "6000+1200"]
[WhiteClock "0:45:20"]
[BlackClock "1:31:03"]

1. e4 e6 2. d4 d5 3. Nd2 dxe4 4. Nxe4 Bd7 5. Nf3 Bc6 6. Bd3 Nd7 7. O-O Be7 8.
b3 Ngf6 9. Ng3 O-O 10. Bb2 b6 11. c4 Bb7 12. Qe2 c5 13. Rad1 cxd4 14. Nxd4 a6
15. Bb1 Qc7 16. a3 Rfe8 17. Rfe1 1/2-1/2

[Event "Czech open A"]
[Site "?"]
[Date "2013.07.26"]
[Round "8.84"]
[White "Starcevs, Dmitrijs"]
[Black "Cherepanov, Vladislav"]
[Result "1/2-1/2"]
[ECO "B90"]
[WhiteElo "2139"]
[BlackElo "2284"]
[PlyCount "31"]
[EventDate "2013.??.??"]
[TimeControl "6000+280"]
[WhiteClock "1:26:09"]
[BlackClock "1:17:14"]

1. e4 c5 2. Nf3 d6 3. d4 cxd4 4. Nxd4 Nf6 5. Nc3 a6 6. Be3 e6 7. g4 e5 8. Nf5
h5 9. g5 Nxe4 10. Nxg7+ Bxg7 11. Nxe4 d5 12. Ng3 d4 13. Bd2 Qd5 14. Bd3 Bg4 15.
Be4 Qd7 16. f3 1/2-1/2

[Event "Czech open A"]
[Site "?"]
[Date "2013.07.26"]
[Round "8.85"]
[White "Heimrath, Reiner"]
[Black "Volodin, Viktor"]
[Result "0-1"]
[ECO "B31"]
[WhiteElo "2280"]
[BlackElo "2180"]
[PlyCount "150"]
[EventDate "2013.??.??"]
[TimeControl "6000+1025"]
[WhiteClock "0:00:39"]
[BlackClock "0:20:30"]

1. e4 c5 2. Nf3 Nc6 3. Bb5 g6 4. O-O Bg7 5. Re1 e5 6. c3 Nge7 7. Na3 O-O 8. Nc2
Qb6 9. Bc4 d6 10. Ne3 h6 11. Rb1 Kh7 12. a3 a5 13. b4 axb4 14. axb4 cxb4 15.
Nd5 Nxd5 16. exd5 Nb8 17. Rxb4 Qc7 18. d4 Bg4 19. dxe5 Bxf3 20. Qxf3 dxe5 21.
d6 Qxd6 22. Rxb7 Nc6 23. h4 Na5 24. Rb4 Nxc4 25. Rxc4 Ra6 26. h5 gxh5 27. Qxh5
Qg6 28. Qh3 f5 29. Rc7 Rf7 30. Rxf7 Qxf7 31. Rd1 Ra1 32. c4 e4 33. Qb3 f4 34.
Qc2 Qf5 35. f3 Kg8 36. Kf1 Qh5 37. Rd8+ Bf8 38. Kg1 exf3 39. Qd2 Qg5 40. Rxf8+
Kxf8 41. Qd6+ Kf7 42. Qd7+ Kg8 43. Qe8+ Kg7 44. Qd7+ Kf8 45. Qd6+ Ke8 46. Qe6+
Qe7 47. Qc8+ Kf7 48. Qf5+ Qf6 49. Qd7+ Qe7 50. Qf5+ Kg7 51. Qg4+ Kh8 52. Qc8+
Kh7 53. Qf5+ Kg8 54. Qg6+ Qg7 55. Qe8+ Qf8 56. Qe6+ Kg7 57. Qd7+ Qf7 58. Qd4+
Qf6 59. Qd7+ Kf8 60. Qc8+ Ke7 61. Qc7+ Ke6 62. Qc6+ Kf5 63. Qd7+ Kg5 64. Qd5+
Kh4 65. Qxf3 Rxc1+ 66. Kh2 Rc3 67. Qf2+ Kg4 68. Qf1 Qh4+ 69. Kg1 Qf6 70. Qd1+
Kh4 71. Qd2 Rg3 72. Qe2 f3 73. Qe4+ Rg4 74. g3+ Kxg3 75. Qb1 Qd4+ 0-1

[Event "Czech open A"]
[Site "?"]
[Date "2013.07.26"]
[Round "8.86"]
[White "Cantoro, Daniele"]
[Black "Poloch, Petr"]
[Result "0-1"]
[ECO "B80"]
[WhiteElo "2108"]
[BlackElo "2272"]
[Annotator "Doe,John"]
[PlyCount "80"]
[EventDate "2013.??.??"]
[TimeControl "6000+2080"]
[WhiteClock "0:30:31"]
[BlackClock "0:31:41"]

1. e4 c5 2. Nf3 e6 3. d4 cxd4 4. Nxd4 Nf6 5. Nc3 d6 6. Bg5 Be7 7. f4 h6 8. Bh4
Nc6 9. Nxc6 bxc6 10. e5 Nd5 11. Bxe7 Qxe7 12. exd6 Qxd6 13. Nxd5 cxd5 14. Bb5+
Bd7 15. Bxd7+ Qxd7 16. Qd4 O-O 17. O-O Rfc8 18. Qd3 Rab8 19. b3 Qb5 20. Rac1
Rc6 21. Qf3 Rbc8 22. f5 Rxc2 23. Rce1 exf5 24. Qxf5 Qb7 25. Rd1 d4 26. Qg4 R8c5
27. h4 h5 28. Qf3 Qxf3 29. Rxf3 Rxa2 30. Rxd4 Rcc2 31. Rg3 g6 32. Rd5 Rcb2 33.
Kh1 Kg7 34. Rd7 Rf2 35. Rb7 Rf4 36. Rh3 Kh6 37. Kh2 Rg4 38. Rf3 Rgxg2+ 39. Kh3
f5 40. Rd3 f4 0-1

[Event "Czech open A"]
[Site "?"]
[Date "2013.07.26"]
[Round "8.87"]
[White "Kearns, Christopher"]
[Black "Jaracz, Barbara"]
[Result "0-1"]
[ECO "B48"]
[WhiteElo "2129"]
[BlackElo "2270"]
[PlyCount "90"]
[EventDate "2013.??.??"]
[TimeControl "6000+1095"]
[WhiteClock "0:33:27"]
[BlackClock "0:24:39"]

1. e4 c5 2. Nf3 e6 3. d4 cxd4 4. Nxd4 Nc6 5. Nc3 Qc7 6. Be3 a6 7. Qd2 Nf6 8. f3
Be7 9. g4 O-O 10. O-O-O b5 11. g5 Ne8 12. Nxc6 dxc6 13. Kb1 e5 14. h4 Be6 15.
Qf2 Nd6 16. Bc5 a5 17. h5 a4 18. a3 Nb7 19. Bb6 Qc8 20. g6 b4 21. axb4 fxg6 22.
hxg6 h6 23. Be3 Rf6 24. Bxh6 Rxg6 25. Bc1 Bxb4 26. Na2 Bc5 27. Qh2 Qb8 28. f4
Rh6 29. Qg2 Rxh1 30. Qxh1 exf4 31. Qh4 a3 32. b3 Nd6 33. Be2 Bxb3 34. Rh1 Bc4+
35. Ka1 Bxe2 36. e5 Bd4+ 37. c3 Bxe5 38. Bxa3 Bxc3+ 39. Nxc3 Rxa3+ 40. Na2
Rxa2+ 41. Kxa2 Bc4+ 42. Ka1 Qa7+ 43. Kb1 Qa2+ 44. Kc1 Qa3+ 45. Kb1 Bd3# 0-1

[Event "Czech open A"]
[Site "?"]
[Date "2013.07.26"]
[Round "8.88"]
[White "Vetoshko, Volodymyr"]
[Black "Nasshan, Dennis"]
[Result "1-0"]
[ECO "C06"]
[WhiteElo "2268"]
[BlackElo "2155"]
[PlyCount "167"]
[EventDate "2013.??.??"]
[TimeControl "6000+1145"]
[WhiteClock "0:02:21"]
[BlackClock "0:07:49"]

1. e4 e6 2. d4 d5 3. Nd2 Nf6 4. e5 Nfd7 5. Bd3 c5 6. c3 Nc6 7. Ne2 cxd4 8. cxd4
f6 9. exf6 Nxf6 10. O-O Bd6 11. Nf3 Qc7 12. Bd2 O-O 13. Rc1 Bd7 14. b4 Qb8 15.
b5 Nb4 16. Bxb4 Bxb4 17. Ne5 Bd6 18. Nxd7 Nxd7 19. Ng3 Rf7 20. Re1 Nf8 21. Bb1
Qd8 22. Qd3 Qh4 23. Re2 Rf4 24. Rd1 Rc8 25. Nf1 Rf7 26. h3 Rfc7 27. Rc2 Rxc2
28. Bxc2 Qd8 29. Bb3 Qc7 30. Qe2 Qf7 31. g3 Rc3 32. Ne3 Qc7 33. Kg2 Qf7 34. Ng4
Qf5 35. Ne3 Qe4+ 36. Kh2 Qg6 37. Ng4 Qf5 38. Ne3 Qg5 39. Rd3 Rxd3 40. Qxd3 Qg6
41. Qd2 Qf7 42. Kg2 Qc7 43. f4 g6 44. Ng4 Qg7 45. h4 Nd7 46. Qa5 Nb6 47. Qxa7
Qc7 48. Qa5 Kg7 49. Qe1 Qe7 50. a4 Nd7 51. Qc3 Bb4 52. Qc7 h5 53. Nf2 b6 54.
Nd3 Bd6 55. Qc6 Bb8 56. Bc2 Qd6 57. Ne5 Nxe5 58. dxe5 Qc7 59. Bd3 Kf7 60. Kf3
Qd8 61. Bf1 d4 62. Bd3 Bc7 63. Qe4 Qg8 64. Qxd4 Qd8 65. Qe4 Ke7 66. Qxg6 Qd4
67. Qe4 Qg1 68. Qh7+ Kd8 69. Qg8+ Kd7 70. Qf7+ Kd8 71. Qf8+ Kd7 72. Qf7+ Kd8
73. Qxe6 Qh1+ 74. Ke3 Qe1+ 75. Kd4 Qg1+ 76. Ke4 Qg2+ 77. Kf5 Qxg3 78. Qf6+ Kc8
79. Qf8+ Bd8 80. Bc4 Qg4+ 81. Ke4 Qg2+ 82. Kd4 Qd2+ 83. Bd3 Qxf4+ 84. Qxf4 1-0